 Dungeon Crawl Stone Soup version 0.32-a0-136-gc02482bde3 (webtiles) character file.

Game seed: 15337833293696255103

2431 CougarLife the Magician (level 9, -12/62 (66) HPs)
             Began as a Gnoll Earth Elementalist on Feb 10, 2024.
             Mangled by a wight
             ... wielding a +4 great sword
              (17 damage)
             ... on level 7 of the Dungeon.
             The game lasted 00:09:19 (6758 turns).

CougarLife the Magician (Gnoll Earth Elementalist)  Turns: 6758, Time: 00:09:19

HP:   -12/62 (66)   AC:  3    Str:  7    XL:     9   Next: 48%
MP:   14/19         EV: 14    Int: 19    God:
Gold: 472           SH:  0    Dex: 13    Spells: 13/21 levels left

rFire   . . .        c - +0 dagger
rCold   . . .        (no shield)
rNeg    . . .        a - +0 robe
rPois   +            (no helmet)
rElec   .            (no cloak)
rCorr   .            f - +0 pair of gloves
SInv    +            (no boots)
Will    .....        t - amulet of the acrobat
Stlth   +++          u - ring of see invisible
HPRegen 0.30/turn    x - ring of poison resistance
MPRegen 0.16/turn

%: acrobat
@: drained
A: fangs 1, strong nose, distributed training
a: no special abilities


You were on level 7 of the Dungeon.
You visited 1 branch of the dungeon, and saw 7 of its levels.
You also visited: Sewer.

You collected 472 gold pieces.

Inventory:

Hand Weapons
 c - a +0 dagger (weapon)
Armour
 a - a +0 robe (worn)
 f - a +0 pair of gloves (worn)
 D - +0 swamp dragon scales
Jewellery
 t - an amulet of the acrobat (around neck)
 u - a ring of see invisible (left hand)
 x - a ring of poison resistance (right hand)
Wands
 m - a wand of polymorph (28)
 p - a wand of charming (8)
 w - a wand of light (16)
 C - a wand of roots (13)
Scrolls
 b - 4 scrolls of fear {unknown}
 d - a scroll of acquirement {unknown}
 e - 5 scrolls of teleportation {unknown}
 g - 7 scrolls of identify {unknown}
 i - 4 scrolls of revelation {unknown}
 q - 3 scrolls of noise {unknown}
 r - a scroll of immolation {unknown}
 s - a scroll of amnesia {unknown}
 v - a scroll of enchant weapon {unknown}
 y - a scroll of brand weapon {unknown}
 B - a scroll of blinking {unknown}
Potions
 h - a potion of degeneration {unknown}
 j - 2 potions of curing
 k - 4 potions of might
 l - a potion of berserk rage {unknown}
 n - 2 potions of heal wounds {unknown}
 o - a potion of mutation {unknown}
 z - 2 potions of cancellation {unknown}
 A - a potion of haste {unknown}


   Skills:
 + Level 4.4 Fighting
 + Level 4.4 Short Blades
 + Level 4.4 Long Blades
 + Level 4.4 Axes
 + Level 4.4 Maces & Flails
 + Level 4.4 Polearms
 + Level 4.4 Staves
 + Level 4.4 Ranged Weapons
 + Level 4.4 Throwing
 + Level 4.4 Armour
 + Level 6.5 Dodging
 + Level 6.2 Stealth
 + Level 4.4 Shields
 + Level 4.4 Unarmed Combat
 + Level 6.8 Spellcasting
 + Level 4.3 Conjurations
 + Level 3.7 Hexes
 + Level 3.7 Summonings
 + Level 3.7 Necromancy
 + Level 3.7 Translocations
 + Level 3.7 Fire Magic
 + Level 3.7 Ice Magic
 + Level 3.7 Air Magic
 + Level 6.6 Earth Magic
 + Level 3.7 Alchemy
 + Level 4.9 Invocations
 + Level 4.4 Evocations
 + Level 4.0 Shapeshifting


You had 13 spell levels left.
You knew the following spells:

 Your Spells              Type           Power      Damage    Failure   Level
a - Sandblast             Erth           62%        2d14      1%          1
b - Stone Arrow           Conj/Erth      54%        3d10      3%          3
c - Brom's Barrelling Bo  Conj/Erth      27%        2d5       11%         4

Your spell library contained the following spells:

 Spells                   Type           Power      Damage    Failure   Level
 Passwall                 Erth           31%        N/A       1%          3
 Blink                    Tloc           40%        N/A       3%          2
 Ensorcelled Hibernation  Hex/Ice        40%        N/A       3%          2
 Lesser Beckoning         Tloc           40%        N/A       3%          2
 Momentum Strike          Conj/Tloc      42%        3d9       3%          2
 Fugue of the Fallen      Necr           20%        N/A       7%          3
 Petrify                  Alch/Erth      26%        N/A       12%         4
 Anguish                  Hex/Necr       10%        N/A       22%         4


Dungeon Overview and Level Annotations

Branches:
Dungeon (7/15)              Sewer (visited)
 Temple: D:4-7

Altars:
Dithmenos
Ru
Zin
The Shining One
Lugonu

Shops:
D:4 [

Portals:
Abyss: D:6

Annotations:
D:6 2 runed translucent doors
D:7 2 transporters


Innate Abilities, Weirdness & Mutations

You have very sharp teeth.
Your uncanny sense of smell can sniff out nearby items.
Your experience applies equally to all skills.


Message History

You kill the ice beast!
You can't see any susceptible monsters within range! (Use Z to cast anyway.)
You can't see any susceptible monsters within range! (Use Z to cast anyway.) Magic restored.
k - 4 potions of might (gained 2)
Found a transporter.
Found a robe and a leather armour.
Found 4 poisoned darts.
Found a transporter.
A wight comes into view. It is wielding a +0 falchion.
A wight comes into view. It is wielding a +4 dire flail.
There are monsters nearby!
The blast of sand hits the wight.
The wight is moderately damaged.
A wight comes into view.
It is wielding a +2 great sword of freezing.
The wight attacks as it pursues you! The wight completely misses you.
A wight comes into view. It is wielding a +4 great sword.
The blast of sand hits the wight!!
You destroy the wight!
The blast of sand hits the wight but does no damage.
The blast of sand hits the wight but does no damage.
The wight hits you with a +0 falchion.
The blast of sand hits the wight!
The wight is severely damaged.
The wight hits you with a +0 falchion. The wight barely misses you.
The blast of sand misses the wight.
The blast of sand hits the wight!
The wight is heavily damaged.
The wight hits you with a +0 falchion!
The blast of sand hits the wight but does no damage.
The wight is severely damaged.
The wight hits you with a +4 great sword!
You feel drained.
The wight hits you with a +2 great sword of freezing!!
* * * LOW HITPOINT WARNING * * *
You feel drained.
* * * LOW HITPOINT WARNING * * *
The wight freezes you.
* * * LOW HITPOINT WARNING * * *
The wight misses you.
The wight hits you with a +4 great sword!
You die...

©#....####.z.
.#........#
.#......##
.#.......##
(#©.......##
[#..[......##
.$#©.........#
#.#.....zz...#
.#O#.....@z..##
#..#.........#
..#........##
######.......##
#
#............#
.#
#..........##
.. #........##
#.## ##......##
#..# #.##..##


You could see an ogre and 3 wights.

Vanquished Creatures
  Maggie (D:7)
  A wyvern (D:6)
  A steam dragon (D:6)
  Eustachio (D:5)
  A black bear (D:4)
  2 ice beasts
  4 ogres
  A centaur (D:6)
  2 brain worms (Sewer)
  A bullfrog (D:6)
  3 scorpions
  A wight (D:7)
  An orc priest (D:7)
  A jelly (D:6)
  A sleepcap (D:6)
  A gnoll bouda (D:6)
  5 hounds
  An iguana (D:5)
  4 orc wizards
  6 gnolls
  8 adders
  3 river rats (Sewer)
  4 ufetubi (D:6)
  2 ribbon worms
  3 dart slugs
  10 orcs
  6 endoplasms
  A giant cockroach (D:1)
  6 hobgoblins
  4 jackals
  12 kobolds
  2 quokkas
  6 ball pythons
  3 bats
  7 frilled lizards
  6 goblins
  12 rats
134 creatures vanquished.

Notes
Turn   | Place    | Note
-------+----------+-------------------------------------------
     0 | D:1      | CougarLife the Gnoll Earth Elementalist began the quest for
                  | the Orb.
     0 | D:1      | Reached XP level 1. HP: 13/13 MP: 6/6
    28 | D:1      | Reached XP level 2. HP: 19/19 MP: 1/7
   411 | D:1      | Reached skill level 5 in Spellcasting
   411 | D:1      | Reached XP level 3. HP: 25/25 MP: 6/9
  1115 | D:2      | Reached skill level 1 in Invocations
  1127 | D:2      | Found a shadowy altar of Dithmenos.
  1557 | D:2      | Found a faded altar of an unknown god.
  1724 | D:3      | Reached skill level 1 in Fighting
  1724 | D:3      | Reached skill level 1 in Short Blades
  1724 | D:3      | Reached skill level 1 in Long Blades
  1724 | D:3      | Reached skill level 1 in Axes
  1724 | D:3      | Reached skill level 1 in Maces & Flails
  1724 | D:3      | Reached skill level 1 in Polearms
  1724 | D:3      | Reached skill level 1 in Staves
  1724 | D:3      | Reached skill level 1 in Ranged Weapons
  1724 | D:3      | Reached skill level 1 in Throwing
  1724 | D:3      | Reached skill level 1 in Armour
  1724 | D:3      | Reached skill level 1 in Shields
  1724 | D:3      | Reached skill level 1 in Unarmed Combat
  1724 | D:3      | Reached skill level 1 in Evocations
  1724 | D:3      | Reached skill level 1 in Shapeshifting
  1724 | D:3      | Reached XP level 4. HP: 32/32 MP: 7/11
  2067 | D:3      | Noticed a scorpion
  2068 | D:3      | Reached skill level 1 in Hexes
  2068 | D:3      | Reached skill level 1 in Summonings
  2068 | D:3      | Reached skill level 1 in Necromancy
  2068 | D:3      | Reached skill level 1 in Translocations
  2068 | D:3      | Reached skill level 1 in Fire Magic
  2068 | D:3      | Reached skill level 1 in Ice Magic
  2068 | D:3      | Reached skill level 1 in Air Magic
  2068 | D:3      | Reached skill level 1 in Alchemy
  2087 | D:3      | Killed a scorpion
  2088 | D:3      | Reached XP level 5. HP: 35/37 MP: 4/12
  2092 | D:3      | Learned a level 3 spell: Stone Arrow
  2844 | D:4      | Reached XP level 6. HP: 15/44 MP: 4/14
  2960 | D:4      | Found a glowing silver altar of Zin.
  3032 | D:4      | Reached skill level 5 in Dodging
  3159 | D:4      | Noticed a black bear
  3163 | D:4      | Killed a black bear
  3164 | D:4      | Reached XP level 7. HP: 42/51 MP: 4/15
  3387 | D:4      | Found Istibb's Armour Shop.
  3720 | D:4      | Found a glowing golden altar of the Shining One.
  3720 | D:4      | Found a sacrificial altar of Ru.
  3867 | D:5      | Entered Level 5 of the Dungeon
  3883 | D:5      | Reached skill level 5 in Stealth
  3885 | D:5      | Noticed Eustachio
  3907 | D:5      | Killed Eustachio
  3982 | D:5      | Reached XP level 8. HP: 56/58 MP: 2/16
  3999 | D:5      | Found a glowing drain.
  4012 | Sewer    | Entered a sewer
  5099 | D:5      | Learned a level 4 spell: Brom's Barrelling Boulder
  5291 | D:6      | Noticed a wyvern
  5296 | D:6      | Killed a wyvern
  5543 | D:6      | Found a one-way gate to the infinite horrors of the Abyss.
  5543 | D:6      | Identified the +11 short sword "Giparu" {distort, rC+}
  5561 | D:6      | Reached XP level 9. HP: 65/65 MP: 14/18
  5906 | D:6      | Found a large runed translucent door.
  5906 | D:6      | Found a large runed translucent door.
  5907 | D:6      | Found a corrupted altar of Lugonu.
  6392 | D:7      | Noticed Maggie
  6406 | D:7      | Killed Maggie
  6733 | D:7      | Found a transporter.
  6744 | D:7      | Found a transporter.
  6758 | D:7      | Mangled by a wight

Illustrated notes

Levels and vault maps discovered:
D:1:      orjb1_clovarrival, layout_basic, moated_statue
D:2:      layout_loops_corners, basic_altar, hellmonk_ecumenical_altar_zigzags
D:3:      layout_loops_ring, chequers_garden, minmay_starry_boxes
D:4:      layout_loops_ring, nicolae_overflow_two_pavilions,
          amcnicky_altar_gilded, serial_shops, shop, glass_columns_a,
          nrook_mini_vaults, hangedman_abyss_or_decor_jellyfish_corner
D:5:      layout_cave_pools, portal_sewer_entry_d, minivault_26, uniq_eustachio
D:6:      due_chaos_kobolds, layout_basic, serial_corexii_hall,
          corexii_hall_statues_s, chequers_hall_statues_wall_a,
          minmay_misc_feat_ornament, kennysheep_generic_room_4
D:7:      layout_cave_pods, minmay_temple_entry_wispy, gammafunk_ghost_smash,
          nicolae_elemental_shop, uniq_maurice, uniq_maggie

Skill      XL: |  1  2  3  4  5  6  7  8  9 |
---------------+----------------------------+-----
Conjurations   | 2 3 4 |  4.3
Spellcasting   | 5 6 |  6.8
Invocations    | 1 2 3 4 |  4.9
Fighting       | 1 2 3 4 |  4.4
Short Blades   | 1 2 3 4 |  4.4
Long Blades    | 1 2 3 4 |  4.4
Axes           | 1 2 3 4 |  4.4
Maces & Flails | 1 2 3 4 |  4.4
Polearms       | 1 2 3 4 |  4.4
Staves         | 1 2 3 4 |  4.4
Ranged Weapons | 1 2 3 4 |  4.4
Throwing       | 1 2 3 4 |  4.4
Armour         | 1 2 3 4 |  4.4
Shields        | 1 2 3 4 |  4.4
Unarmed Combat | 1 2 3 4 |  4.4
Evocations     | 1 2 3 4 |  4.4
Shapeshifting  | 1 2 3 4 |  4.0
Hexes          | 1 2 3 |  3.7
Summonings     | 1 2 3 |  3.7
Necromancy     | 1 2 3 |  3.7
Translocations | 1 2 3 |  3.7
Fire Magic     | 1 2 3 |  3.7
Ice Magic      | 1 2 3 |  3.7
Air Magic      | 1 2 3 |  3.7
Alchemy        | 1 2 3 |  3.7
Dodging        | 5 6 |  6.5
Stealth        | 5 6 |  6.2
Earth Magic    | 6 |  6.6

Action                     |  1- 3 |  4- 6 |  7- 9 || total
---------------------------+-------+-------+-------++-------
  Melee: Dagger            |     1 |    12 |    25 ||    38
         Punch             |       |     1 |     1 ||     2
         Unarmed           |       |       |     1 ||     1
   Cast: Sandblast         |    45 |    54 |   113 ||   212
         Stone Arrow       |       |     5 |    29 ||    34
    Use: Potion            |       |       |     3 ||     3
   Stab: Sleeping          |       |     1 |     1 ||     2
 Armour: Robe              |     7 |    26 |    45 ||    78
         Skin              |       |       |     1 ||     1
  Dodge: Dodged            |     9 |    13 |    73 ||    95

Table legend: (Time is in decaauts)
 A = Elapsed time spent in this place.
 B = Non-inter-level travel time spent in this place.
 C = Inter-level travel time spent in this place.
 D = Time resting spent in this place.
 E = Time spent auto-exploring this place.
 F = Levels seen in this place.
 G = Mean time per level.
                   A        B        C        D        E       F      G
               +--------+--------+--------+--------+--------+-----+--------+
         Total |   6925 |   6769 |    156 |    856 |   4864 |   8 |  865.6 |
       Dungeon |   6237 |   6081 |    156 |    715 |   4483 |   7 |  891.0 |
         Sewer |    687 |    687 |      0 |    141 |    380 |   1 |  687.0 |
               +--------+--------+--------+--------+--------+-----+--------+

Top non-repeatable levels by time:
     D:6: 1258 daAuts
     D:4: 1236 daAuts
     D:3: 942 daAuts
     D:2: 897 daAuts
     D:1: 857 daAuts
   Sewer: 687 daAuts
     D:5: 638 daAuts
     D:7: 407 daAuts
